 Dungeon Crawl Stone Soup version 0.18.1-6-gd335043 (webtiles) character file.

117 m0ast the Ruffian (level 5, -3/44 HPs)
             Began as a Ghoul Skald on May 16, 2016.
             Was an Initiate of Ru.
             Slain by Natasha (8 damage)
             ... on level 3 of the Dungeon.
             The game lasted 00:21:10 (2362 turns).

m0ast the Ruffian (Ghoul Skald)                     Turns: 2362, Time: 00:21:11

Health: -3/44      AC:  5    Str: 16    XL:     5   Next: 1%
Magic:  4/7        EV: 17    Int:  7    God:    Ru [......]
Gold:   86         SH:  0    Dex: 14    Spells: 3 memorised, 3 levels left

rFire  . . .     SeeInvis .       - Unarmed
rCold  + . .     Gourm    .     v - +0 leather armour
rNeg   + + +     Faith    .     (no shield)
rPois  ∞         Spirit   .     (no helmet)
rElec  .         Dismiss  .     j - +0 cloak
rCorr  .         Reflect  .     (no gloves)
SustAt .         Harm     .     m - +0 pair of boots {strength}
MR     .....                    (no amulet)
Stlth  ++........               (no ring)
                                q - -4 ring of slaying (curse)

@: agile, very slightly contaminated, rotting, slowed, very slow, not resistant
to hostile enchantments, unstealthy
A: rotting body, claws 1, carnivore 3, cold resistance 1, negative energy
resistance 3, slow regeneration 1, torment resistance, unbreathing
a: Renounce Religion


You were on level 3 of the Dungeon.
You worshipped Ru.
Ru was noncommittal.
You were not hungry.

You visited 1 branch of the dungeon, and saw 3 of its levels.

You collected 86 gold pieces.

Inventory:

Armour
 a - a +0 leather armour
 j - a +0 cloak (worn)
 m - a +0 pair of boots (worn) {strength}
 v - a +0 leather armour (worn)
Jewellery
 q - a cursed -4 ring of slaying (left claw)
Scrolls
 i - a scroll of remove curse {unknown}
 k - 2 scrolls of enchant armour {unknown}
 l - 2 scrolls of identify {unknown}
 p - 3 scrolls of blinking {unknown}
 r - a scroll of amnesia {unknown}
Potions
 d - a potion of agility
 e - a potion of brilliance {unknown}
 h - 2 potions of curing {unknown}
 n - a potion of degeneration {unknown}
 o - a potion of beneficial mutation {unknown}
 s - a potion of cure mutation {unknown}
Books
 b - a book of Battle

   Spells                             Type                      Level
   a - Infusion                       Charms                       1
   b - Shroud of Golubria             Charms/Translocation         2
   c - Song of Slaying                Charms                       2
   d - Spectral Weapon                Hexes/Charms                 3
   e - Regeneration                   Charms/Necromancy            3
Comestibles
 c - 2 meat rations
 f - a slice of pizza
 g - 2 bread rations
 t - a chunk of flesh
 u - 3 fruits


   Skills:
 + Level 2.9 Fighting
 + Level 1.2 Armour
 * Level 2.1 Dodging
 * Level 3.4 Unarmed Combat
 + Level 2.1 Spellcasting
 + Level 3.1 Charms


You had 3 spell levels left.
You knew the following spells:

 Your Spells              Type           Power        Failure   Level  Hunger
a - Infusion              Chrm           #...         14%         1    ##.....
b - Song of Slaying       Chrm           #.......     21%         2    ###....
c - Shroud of Golubria    Chrm/Tloc      #.........   38%         2    ###....


Dungeon Overview and Level Annotations

Branches:
Dungeon (3/15)

Altars:
Ru
Vehumet

Annotations:
D:3 Natasha


Innate Abilities, Weirdness & Mutations

Your body is rotting away.
You thrive on raw meat.
You are immune to poison.
You have sharp fingernails.
You are carnivorous and can eat meat at any time.
Your flesh is cold resistant.
You are immune to negative energy.
You regenerate slowly when monsters are visible.
You are immune to unholy pain and torment.
You can survive without breathing.


Message History

Natasha claws you.
You closely miss Natasha.
Natasha is heavily wounded.
Natasha closely misses you. Natasha claws you.
Casting: Infusion
Confirm with . or Enter, or press ? or * to list all spells.
You miscast Shroud of Golubria.
You are very lightly contaminated with residual magic.
Nothing appears to happen.
Natasha casts a spell at you. The magic dart hits you!
* * * LOW HITPOINT WARNING * * *
You barely miss Natasha.
Natasha is heavily wounded.
Natasha closely misses you. Natasha claws you.
* * * LOW HITPOINT WARNING * * *
It was a potion of agility.
You feel agile all of a sudden. Natasha claws you!
You die...

######### ......h># #@#
### #.#### #.#####
#.####....# #.....#
#.......#####.#.#.#
.######......#...#.#
... #......#.###.#
#.###........###.####
#.......#[..........#
.##.#.....#..#..##.####


You could see Natasha.

Vanquished Creatures
  An orc wizard (D:1)
  A gnoll (D:1)
  2 adders (D:2)
  2 oozes (D:1)
  3 dart slugs
  A worm (D:2)
  2 giant geckos (D:2)
  3 bats
  4 giant cockroaches
  3 goblins
  4 hobgoblins
  A jackal (D:1)
  A quokka (D:2)
  A ball python (D:2)
  2 giant newts
  8 kobolds
  6 rats
45 creatures vanquished.

Notes
Turn   | Place    | Note
--------------------------------------------------------------
     0 | D:1      | m0ast the Ghoul Skald began the quest for the Orb.
     0 | D:1      | Reached XP level 1. HP: 17/17 MP: 2/2
    16 | D:1      | Reached skill level 1 in Dodging
    76 | D:1      | Reached XP level 2. HP: 10/22 MP: 3/3
   416 | D:1      | Learned a level 2 spell: Song of Slaying
   696 | D:1      | Reached XP level 3. HP: 29/30 MP: 0/4
   768 | D:1      | Reached skill level 1 in Armour
   939 | D:1      | Reached XP level 4. HP: 36/37 MP: 0/6
  1171 | D:2      | Found a sacrificial altar of Ru.
  1192 | D:2      | Became a worshipper of Ru the Awakened
  1256 | D:2      | Learned a level 2 spell: Shroud of Golubria
  1754 | D:2      | Found a radiant altar of Vehumet.
  1932 | D:2      | Reached XP level 5. HP: 17/44 MP: 3/7
  2346 | D:3      | Noticed Natasha
  2362 | D:3      | Slain by Natasha

Skill      XL: |  1  2  3 |
---------------+----------+-----
Dodging        | 1 2 |  2.1
Armour         | 1 |  1.2
Unarmed Combat | 3 |  3.4
Spellcasting   | 2 |  2.1
Charms         | 3 |  3.1
Fighting       | |  2.9

Action                   |  1- 3 |  4- 6 || total
-------------------------+-------+-------++-------
Melee: Unarmed           |    83 |   119 ||   202
       Punch             |     1 |     2 ||     3
 Cast: Infusion          |     6 |     9 ||    15
       Song of Slaying   |     2 |     3 ||     5
  Use: Potion            |       |     1 ||     1
  Eat: Chunk             |     8 |     5 ||    13
Armor: Leather armour    |    12 |    51 ||    63
Dodge: Dodged            |    39 |    75 ||   114
